 Dungeon Crawl Stone Soup version 0.17.2-1-ge4368a0 (webtiles) character file.

236 Goblin1989 the Cudgeler (level 5, -9/41 HPs)
             Began as a Mummy Fighter on Sept 29, 2016.
             Mangled by an ogre
             ... wielding a +0 giant club
              (22 damage)
             ... on level 4 of the Dungeon.
             The game lasted 00:07:20 (3232 turns).

Goblin1989 the Cudgeler (Mummy Fighter)             Turns: 3232, Time: 00:07:21

Health: -9/41      AC:  7    Str: 21    XL:     5   Next: 77%
Magic:  5/5        EV:  7    Int:  7    God:
Gold:   185        SH:  9    Dex: 11    Spells: 0 memorised, 4 levels left

rFire  x . .     SeeInvis +     a - +0 flail
rCold  + . .     Clarity  .     b - +0 scale mail
rNeg   + + +     SustAt   .     c - +0 shield
rPois  ∞         Gourm    .     (no helmet)
rElec  .         Spirit   .     (no cloak)
rCorr  .         Warding  .     (no gloves)
rMut   .         Stasis   .     g - +0 pair of boots
MR     .....                    (no amulet)
Stlth  ..........               (no ring)
                                s - ring of see invisible

@: not resistant to hostile enchantments, extremely unstealthy
A: no food or potions, fire vulnerability, cold resistance 1, negative energy
resistance 3, torment resistance, unbreathing
a: no special abilities


You were on level 4 of the Dungeon.
You were not hungry.

You visited 1 branch of the dungeon, and saw 4 of its levels.

You collected 185 gold pieces.

Inventory:

Hand Weapons
 a - a +0 flail (weapon)
Armour
 b - a +0 scale mail (worn)
 c - a +0 shield (worn)
 g - a +0 pair of boots (worn)
Jewellery
 s - a ring of see invisible (left hand)
Scrolls
 d - 5 scrolls of remove curse {unknown}
 e - a scroll of blinking {unknown}
 f - 2 scrolls of identify {unknown}
 h - a scroll of recharging {unknown}
 i - a scroll of teleportation {unknown}
 j - a scroll of enchant armour {unknown}


   Skills:
 + Level 3.4 Fighting
 * Level 4.3 Maces & Flails
 + Level 2.8 Armour
 + Level 2.8 Shields


You had 4 spell levels left.
You didn't know any spells.

Dungeon Overview and Level Annotations

Branches:
Dungeon (4/15)
 Temple: D:4-7

Altars:


Innate Abilities, Weirdness & Mutations

You do not eat or drink.
Your flesh is vulnerable to fire.
You are immune to poison.
Your flesh is cold resistant.
You are immune to negative energy.
You are immune to unholy pain and torment.
You can survive without breathing.


Message History

Found 19 arrows.
The ogre is too close now for your liking.
An ogre is nearby!
The ogre hits you with a giant club!!
* * * LOW HITPOINT WARNING * * *
You hit the ogre.
The ogre is lightly wounded.
You block the ogre's attack.
You barely miss the ogre.
The ogre is lightly wounded.
The ogre hits you with a giant club.
* * * LOW HITPOINT WARNING * * *
You hit the ogre.
The ogre is moderately wounded.
You block the ogre's attack.
You hit the ogre.
The ogre is moderately wounded.
The ogre hits you with a giant club!!
Ouch! That really hurt!
You die... ਜਜ... ਜ... ਜ... ਜ(. ਜ.. ਜ.ਜ ਜOਜਜਜਜ

ਜ@ਜਜ.ਜਜ
.ਜਜਜਜਜਜ.ਜ...ਜਜਜਜ
...............▲
.ਜਜਜਜਜ.......ਜਜਜ
ਜ..ਜਜ.ਜ.ਜ
ਜ..ਜਜਜਜ.ਜ ਜ...
ਜ.ਜ ਜ.ਜਜ ਜ.ਜਜ
ਜ.ਜਜ.ਜਜ..ਜਜਜ ਜ


You could see an ogre.

Vanquished Creatures
  A scorpion (D:4)
  Terence (D:2)
  A worker ant (D:4)
  3 gnolls (D:3)
  5 adders
  An ooze (D:4)
  An adder zombie (D:4)
  2 worms
  3 giant geckos
  An orc (D:2)
  6 bats
  4 giant cockroaches
  9 goblins
  3 hobgoblins
  3 jackals (D:3)
  5 kobolds
  2 quokkas (D:2)
  A ball python (D:2)
  3 giant newts
  5 rats
60 creatures vanquished.

Notes
Turn   | Place    | Note
--------------------------------------------------------------
     0 | D:1      | Goblin1989 the Mummy Fighter began the quest for the Orb.
     0 | D:1      | Reached XP level 1. HP: 18/18 MP: 1/1
   544 | D:1      | Reached XP level 2. HP: 24/24 MP: 2/2
   997 | D:2      | Noticed Terence
  1014 | D:2      | Killed Terence
  1014 | D:2      | Reached XP level 3. HP: 29/29 MP: 3/3
  1693 | D:3      | Reached XP level 4. HP: 25/35 MP: 4/4
  2524 | D:3      | Reached skill level 4 in Maces & Flails
  2684 | D:3      | Reached XP level 5. HP: 41/41 MP: 5/5
  3224 | D:4      | Noticed an ogre
  3232 | D:4      | Mangled by an ogre

Action                   |  1- 3 |  4- 6 || total
-------------------------+-------+-------++-------
Melee: Flail             |    86 |   151 ||   237

Vault maps used:
D:1:      minmay_arrival_semitransparent, serial_bayou_pond_d, hex_medium
D:2:      uniq_terence
D:4:      serial_shops, nicolae_shop_competitors_out_of_business, first_bread,
          st_stairs_13, grunt_ministairs_10
